 Dungeon Crawl Stone Soup version 0.29.1-15-g9cfb28693d (webtiles) character file.

Game seed: 15128011460978445649

103 Sanktem7 the Trooper (level 4, -10/42 HPs)
             Began as a Minotaur Fighter on Mar 2, 2023.
             Killed by divine providence
             ... invoked by an orc priest
              (11 damage)
             ... on level 3 of the Dungeon.
             The game lasted 00:04:28 (2101 turns).

Sanktem7 the Trooper (Minotaur Fighter)             Turns: 2101, Time: 00:04:28

Health: -10/42     AC:  7    Str: 23    XL:     4   Next: 51%
Magic:  3/3        EV:  9    Int:  5    God:
Gold:   163        SH:  0    Dex:  9    Spells: 3/3 levels left

rFire   . . .      SeeInvis .   a - +0 war axe {axe}
rCold   . . .      Faith    .   c - +0 buckler
rNeg    . . .      Spirit   .   b - +0 scale mail
rPois   .          Reflect  .   (helmet restricted)
rElec   .          Harm     .   (no cloak)
rCorr   .          Rampage  .   (no gloves)
Will    .....                   (no boots)
Stlth   ..........              (no amulet)
HPRegen 0.14/turn               (no ring)
MPRegen 0.08/turn               (no ring)

@: confused
A: horns 2, retaliatory headbutt
a: no special abilities


You were on level 3 of the Dungeon.
You visited 1 branch of the dungeon, and saw 3 of its levels.

You collected 163 gold pieces.


Innate Abilities, Weirdness & Mutations

You have a pair of horns on your head.
You reflexively headbutt those who attack you in melee.


   Skills:
 * Level 5.0 Fighting
 * Level 4.1 Axes
 + Level 4.3 Armour
 - Level 3.6 Shields


You had 3 spell levels left.
You didn't know any spells.
Your spell library was empty.

Inventory:

Hand Weapons
 a - a +0 war axe (weapon) {axe}
 l - a +4 sling
   (You found it on level 2 of the Dungeon)
Missiles
 e - 25 stones (quivered) {throwing}
Armour
 b - a +0 scale mail (worn)
 c - a +0 buckler (worn)
Scrolls
 h - 3 scrolls of poison {unknown}
 j - a scroll of magic mapping {unknown}
 m - a scroll of identify {unknown}
 n - a scroll of amnesia {unknown}
 p - a scroll of immolation {unknown}
Potions
 d - a potion of might
 f - 2 potions of heal wounds {unknown}
 g - a potion of resistance {unknown}
 i - 3 potions of attraction {unknown}
 k - a potion of ambrosia {unknown}
 o - a potion of degeneration {unknown}

Dungeon Overview and Level Annotations

Branches:
Dungeon (3/15) Zot: 15854

Altars:
Hepliaklqana

.###############
....{.o@.......#
.#############.#
#.# #.# #.# #.#
#.# ##########.#
#..........#


You could see an orc priest.


Message History

No target in view!
No target in view!
No target in view!
No target in view!
No target in view!
No target in view!
No target in view!
No target in view!
No target in view!
i - 3 clear potions (gained 1)
An orc wizard comes into view. It is wielding a +0 dagger.
The orc wizard shouts!
You hear a shout!
The orc wizard casts a spell at you. You resist with some effort.
An orc wizard is nearby!
The orc wizard gestures at you while chanting.
You are confused.
You are too confused!
You are too confused!
You bump into the rock wall.
An orc comes into view. It is wielding a +0 hand axe.
The orc wizard points at you and mumbles some strange words.
The magic dart hits you! 😕 HP[-7]
You take 7 damage, and now have 34/41 hp. 😕 HP[+1]
An orc priest comes into view. It is wielding a +0 trident.
The orc wizard completely misses you.
You slash the orc wizard!
An orc wizard comes into view. It is wielding a +0 dagger.
The orc wizard points at you and mumbles some strange words.
You are more confused.
You closely miss the orc.
The orc wizard shouts!
An orc wizard comes into view. It is wielding a +0 dagger.
The orc completely misses you.
You barely miss the orc. The orc hits you but does no damage.
You bump into the rock wall.
The orc hits you with a +0 hand axe. 😮 HP[-6]
You take 6 damage, and now have 29/41 hp.
You hit the orc but do no damage.
The orc wizard casts a spell.
The orc wizard flickers and vanishes!
Deactivating autopickup; reactivate with Ctrl-A.
The orc completely misses you.
The orc wizard mumbles some strange words.
The orc wizard flickers and vanishes!
The orc hits you but does no damage. 😮 HP[+1]
You slash the orc!
You kill the orc!
The orc priest mumbles some strange prayers to Beogh against you.
Beogh smites you!
* * * LOW HITPOINT WARNING * * *
😨 HP[-12]
You take 12 damage, and now have 18/41 hp.
MASSIVE DAMAGE!! (PAUSE)
You miss something.
You feel less confused. Something hits you but does no damage.
You barely miss something. The orc priest barely misses you.
Something hits you but does no damage. x2
The orc priest hits you from afar with a +0 trident.
* * * LOW HITPOINT WARNING * * *
The orc wizard casts a spell.
The orc wizard flickers and vanishes! 😨 HP[-2]
You take 2 damage, and now have 16/41 hp.
You closely miss something. Your headbutt misses something.
The orc priest hits you from afar with a +0 trident.
* * * LOW HITPOINT WARNING * * *
You hear some strange, mumbled words.
A magic dart appears from out of thin air!
The magic dart hits you.
* * * LOW HITPOINT WARNING * * *
😱 HP[-8]
You take 8 damage, and now have 8/41 hp.
You barely miss something. Your headbutt misses something.
You block the orc priest's attack.
You hear some strange, mumbled words.
You are confused.
You bump into the rock wall.
The orc priest barely misses you. Something hits you.
* * * LOW HITPOINT WARNING * * *
😱 HP[-2]
You take 2 damage, and now have 6/41 hp.
You're too confused to move!
The orc priest invokes the aid of Beogh against you.
Something writhes in agony!
Reactivating autopickup.
You feel a bit more experienced.
Your Fighting skill increases to level 5!
Your Axes skill increases to level 4!
You now have 42 max hp (+1).
The orc priest hits you but does no damage.
You miss the orc priest.
The orc priest hits you with a +0 trident.
* * * LOW HITPOINT WARNING * * *
The orc priest calls down the wrath of Beogh upon you.
Beogh smites you!
You die...

Skill      XL: |  1  2  3  4 |
---------------+-------------+-----
Fighting       | 4 5 |  5.0
Axes           | 3 4 |  4.1
Armour         | 4 |  4.3
Shields        | |  3.6

Action                   |  1- 3 |  4- 6 || total
-------------------------+-------+-------++-------
Melee: War axe           |    83 |    33 ||   116
       Headbutt          |    11 |     5 ||    16
Armor: Scale mail        |    35 |    14 ||    49
Dodge: Dodged            |    46 |    15 ||    61
Block: Buckler           |    21 |     5 ||    26

Levels and vault maps discovered:
D:1:      nzn_arrival_water_spiral, layout_basic
D:2:      layout_basic, basic_altar, minmay_cupped
D:3:      layout_basic, nicolae_overflow_hidden_temple,
          shapermc_ecumenical_altar_acropolis, serial_glass, glass_columns_b,
          glass_columns_a, wander_ebering_terrifying_dragon_lair

Notes
Turn   | Place    | Note
-------+----------+-------------------------------------------
     0 | D:1      | Sanktem7 the Minotaur Fighter began the quest for the Orb.
     0 | D:1      | Reached XP level 1. HP: 19/19 MP: 0/0
     0 | D:1      | magus.rc [v1.9.6]
   229 | D:1      | Reached XP level 2. HP: 27/27 MP: 1/1
   239 | D:1      | Reached skill level 4 in Fighting
   377 | D:1      | Reached skill level 3 in Axes
   758 | D:1      | Reached XP level 3. HP: 33/33 MP: 2/2
   773 | D:1      | Reached skill level 4 in Armour
  1425 | D:2      | Reached XP level 4. HP: 41/41 MP: 3/3
  1537 | D:2      | Found a hazy altar of Hepliaklqana.
  2095 | D:3      | HP: 8/41 [something/magic dart (5)]
  2099 | D:3      | Reached skill level 5 in Fighting
  2099 | D:3      | Reached skill level 4 in Axes
  2101 | D:3      | HP: 1/42 [orc priest/+0 trident (5)]
  2101 | D:3      | Killed from afar by an orc priest

Vanquished Creatures
  2 adders (D:2)
  A worm (D:2)
  A dart slug (D:1)
  An orc (D:3)
  8 endoplasms
  5 giant cockroaches
  4 goblins
  6 hobgoblins
  7 quokkas
  2 ball pythons
  6 bats (D:2)
  4 frilled lizards
  6 kobolds
  5 rats
58 creatures vanquished.

Vanquished Creatures (others)
  An orc wizard (D:3)
  2 fungi (D:3)
3 creatures vanquished.

Grand Total: 61 creatures vanquished

Table legend:
 A = Non-vault XP
 B = Vault XP
 C = Vault XP percentage of total XP
 D = Non-vault monster count
 E = Vault monster count
 F = Vault count percentage of total count
                 A         B        C        D         E       F
            +---------+---------+-------+---------+---------+-------
      Total |     140 |       8 |   5.4 |      54 |       5 |   8.5
            +---------+---------+-------+---------+---------+-------
        D:1 |      48 |       0 |   0.0 |      26 |       0 |   0.0
        D:2 |      66 |       7 |   9.6 |      24 |       4 |  14.3
        D:3 |      26 |       1 |   3.7 |       4 |       1 |  20.0
            +---------+---------+-------+---------+---------+-------

Illustrated notes

Table legend:
 A = Kills in this place as a percentage of kills in entire the game.
 B = Kills by you in this place as a percentage of kills by you in the entire game.
 C = Kills by friends in this place as a percentage of kills by friends in the entire game.
 D = Other kills in this place as a percentage of other kills in the entire game.
 E = Experience gained in this place as a percentage of experience gained in the entire game.
 F = Experience gained in this place divided by the number of levels of this place that you have seen.
                   A       B       C       D       E      F
               +-------+-------+-------+-------+-------+----------------------
         Total | 100.0 | 100.0 |   N/A | 100.0 | 100.0 |  49.3
       Dungeon | 100.0 | 100.0 |   N/A | 100.0 | 100.0 |  49.3
               +-------+-------+-------+-------+-------+----------------------

Table legend: (Time is in decaauts)
 A = Elapsed time spent in this place.
 B = Non-inter-level travel time spent in this place.
 C = Inter-level travel time spent in this place.
 D = Time resting spent in this place.
 E = Time spent auto-exploring this place.
 F = Levels seen in this place.
 G = Mean time per level.
                   A        B        C        D        E       F      G
               +--------+--------+--------+--------+--------+-----+--------+
         Total |   2144 |   2078 |     66 |      0 |   1749 |   3 |  714.7 |
       Dungeon |   2144 |   2078 |     66 |      0 |   1749 |   3 |  714.7 |
               +--------+--------+--------+--------+--------+-----+--------+

Top non-repeatable levels by time:
     D:1: 1137 daAuts
     D:2: 796 daAuts
     D:3: 210 daAuts
